 Dungeon Crawl Stone Soup version 0.28-b1-25-g9875b3fc8c (webtiles) character file.

Game seed: 6670006701813085623

47587 Minsecho the Severer (level 14, -16/130 HPs)
             Began as a Minotaur Fighter on Feb 3, 2022.
             Was the Champion of Okawaru.
             Demolished by an orc warrior (17 damage)
             ... on level 11 of the Dungeon.
             The game lasted 00:25:49 (19367 turns).

Minsecho the Severer (Minotaur Fighter)            Turns: 19367, Time: 00:25:50

Health: -16/130    AC: 15    Str: 27    XL:     14   Next: 9%
Magic:  0/20       EV: 17    Int:  5    God:    Okawaru [******]
Gold:   1014       SH:  8    Dex: 20    Spells: 13/13 levels left

rFire   . . .      SeeInvis +   o - +14 obsidian axe {vorpal, Mesm Drain Fly SInv}
rCold   . . .      Faith    .   c - +0 buckler
rNeg    . . .      Spirit   +   M - +0 scale mail of Limited Liability {-Cast Str+3 Dex+8 Stlth+}
rPois   .          Reflect  .   (helmet restricted)
rElec   .          Harm     .   P - +0 cloak
rCorr   .          Rampage  .   x - +0 pair of gloves
Will    +....      NoCast   +   q - +0 pair of boots
Stlth   ++++......              t - amulet of guardian spirit
HPRegen 0.31/turn               g - +4 ring of slaying
MPRegen 0.17/turn               v - +4 ring of protection

@: heroic, corroded, flying, mesmerised, studying Earth Magic
A: horns 2, retaliatory headbutt
a: Renounce Religion, Heroism, Finesse, Duel


You were on level 11 of the Dungeon.
You worshipped Okawaru.
Okawaru was exalted by your worship.
You visited 3 branches of the dungeon, and saw 18 of its levels.

You collected 1089 gold pieces.
You spent 75 gold pieces at shops.

Inventory:

Hand Weapons
 a - a +0 war axe
 b - a +0 broad axe
 o - the +14 obsidian axe (weapon) {vorpal, Mesm Drain Fly SInv}
   (You found it on level 3 of the Dungeon)

   It inflicts extra damage upon your enemies.
   It occasionally summons demons to assist the wielder when it strikes in
   combat.
   Its wielder is mesmerised by any visible foes.
   It cannot be unequipped while any foes are visible.
   SInv:      It lets you see invisible.
   Fly:       It grants you flight.
   Drain:     It drains your maximum health when unequipped.
 R - the +6 battleaxe of Norat {protect, Will+ MP+9}
   (Okawaru gifted it to you on level 6 of the Lair of Beasts)

   It grants its wielder temporary protection when it strikes (+7 to AC).
   MP:        It affects your magic capacity (+9).
   Will:      It increases your willpower.
 S - a +2 vorpal war axe
 T - a +1 war axe of flaming
Missiles
 w - 2 throwing nets (quivered)
Armour
 c - a +0 buckler (worn)
 q - a +0 pair of boots (worn)
 x - a +0 pair of gloves (worn)
 D - +0 acid dragon scales
 M - the +0 scale mail of Limited Liability (worn) {-Cast Str+3 Dex+8 Stlth+}
   (Okawaru gifted it to you on level 2 of the Lair of Beasts)

   Str:       It affects your strength (+3).
   Dex:       It affects your dexterity (+8).
   -Cast:     It prevents spellcasting.
   Stlth:     It makes you more stealthy.
 P - a +0 cloak (worn)
 U - a +3 chain mail of cold resistance
Jewellery
 g - a +4 ring of slaying (left hand)
 l - a ring of protection from fire
 t - an amulet of guardian spirit (around neck)
 v - a +4 ring of protection (right hand)
 z - a ring of magical power
 J - an amulet of faith
 Q - a ring of ice
Wands
 V - a wand of flame (9)
Scrolls
 i - 3 scrolls of enchant weapon {unknown}
 j - 2 scrolls of blinking {unknown}
 m - 2 scrolls of fog
 n - 3 scrolls of fear
 r - a scroll of silence {unknown}
 y - 7 scrolls of teleportation
 B - a scroll of magic mapping {unknown}
 C - a scroll of torment {unknown}
 E - a scroll of noise {unknown}
 G - 3 scrolls of vulnerability {unknown}
 H - 3 scrolls of amnesia {unknown}
 I - 2 scrolls of immolation
 N - a scroll of enchant armour {unknown}
Potions
 d - 4 potions of might
 e - 3 potions of degeneration
 f - a potion of attraction
 h - 3 potions of heal wounds
 k - 4 potions of curing
 p - 3 potions of haste
 s - a potion of mutation
 u - a potion of lignification
 A - a potion of ambrosia {unknown}
 F - 2 potions of invisibility
 K - 3 potions of flight {unknown}
 L - 4 potions of resistance {unknown}
 O - 3 potions of cancellation {unknown}


   Skills:
 + Level 13.7(18.7) Fighting
 + Level 19.0(24.0) Axes
 + Level 11.0(16.0) Armour
 + Level 5.1(10.1) Dodging
 + Level 3.8(8.8) Stealth
 - Level 7.3(12.3) Shields
 * Level 9.5 Invocations


You had 13 spell levels left.
You didn't know any spells.
Your spell library contained the following spells:

 Spells                   Type           Power      Damage    Failure   Level
 Freeze                   Ice            0%         1d3       73%         1
 Corpse Rot               Necr/Air       0%         N/A       86%         2
 Scorch                   Fire           0%         2d5       86%         2
 Static Discharge         Conj/Air       0%         N/A       86%         2
 Frozen Ramparts          Ice            0%         1d2       97%         3
 Ignite Poison            Fire/Tmut/Pois 0%         N/A       97%         3
 Mephitic Cloud           Conj/Pois/Air  0%         N/A       97%         3
 Ozocubu's Armour         Ice            0%         N/A       97%         3
 Cause Fear               Hex            0%         N/A       100%        4
 Dispel Undead            Necr           0%         3d6       100%        4
 Flame Wave               Conj/Fire      0%         2d4       100%        4
 Hailstorm                Conj/Ice       0%         3d3       100%        4
 Sticky Flame             Conj/Fire      0%         2d3       100%        4
 Freezing Cloud           Conj/Ice/Air   0%         6-21      100%        5
 Metabolic Englaciation   Hex/Ice        0%         N/A       100%        5
 Dragon Form              Tmut           0%         N/A       100%        7
 Borgnjor's Revivificati  Necr           0%         N/A       100%        8
 Necromutation            Tmut/Necr      0%         N/A       100%        8
 Death's Door             Necr           0%         N/A       100%        9
 Summon Small Mammal      Summ           Unusable   N/A       N/A         1
 Call Canine Familiar     Summ           Unusable   N/A       N/A         3
 Summon Guardian Golem    Hex/Summ       Unusable   N/A       N/A         3
 Death Channel            Necr           Unusable   N/A       N/A         6
 Simulacrum               Ice/Necr       Unusable   N/A       N/A         6
 Summon Cactus Giant      Summ           Unusable   N/A       N/A         6
 Dragon's Call            Summ           Unusable   N/A       N/A         9

Dungeon Overview and Level Annotations

Branches:
Dungeon (11/15)            Temple (1/1) D:7            Lair (6/6) D:8
 Shoals (0/4) Lair:4       Spider (0/4) Lair:2        Slime (0/5) Lair:5
    Orc: D:9-12

Altars:
Ashenzari
Cheibriados
Dithmenos
Elyvilon
Fedhas
Gozag
Hepliaklqana
Kikubaaqudgha
Makhleb
Nemelex Xobeh
Okawaru
Qazlal
Ru
Sif Muna
Trog
Uskayaw
Vehumet
Wu Jian
Xom
Yredelemnul
Zin
The Shining One
Lugonu

Shops:
D:2 [([   D:3 ?

Portals:
Abyss: Lair:6


Innate Abilities, Weirdness & Mutations

You have a pair of horns on your head.
You reflexively headbutt those who attack you in melee.


Message History

You kill the brown ugly thing!
Okawaru accepts your kill.
Visions of slaying the frost giant flood into your mind.
The frost giant casts a spell at you. The bolt of cold hits you!!!
The centaur warrior wields a +0 shortbow.
The centaur warrior shoots an arrow.
The arrow hits you.
The boulder beetle leaps!
An orc priest and 2 orc wizards come into view.
Visions of slaying the orc warrior flood into your mind.
You block the orc warrior's attack.
The centaur warrior unwields a +0 shortbow.
You block the centaur warrior's attack. x2; The frost giant misses you.
The orc wizard moves out of view.
An orc comes into view. It is wielding a +0 dagger.
There is an open translucent door, spattered with blood here.
You see here an ugly thing corpse.
You slash the frost giant!
The frost giant is lightly wounded.
You slice the centaur warrior!! You slash the ogre mage!
Visions of slaying the centaur warrior flood into your mind.
The centaur warrior hits you but does no damage.
You block the centaur warrior's attack. The frost giant misses you.
Unknown command.
You slice the frost giant!!
The frost giant is heavily wounded.
You slice the centaur warrior!!
You break out of your daze!
You kill the centaur warrior!
Okawaru accepts your kill.
You hit the ogre mage.
Visions of slaying the ogre mage flood into your mind.
The orc warrior hits you from afar with the +8 halberd "Litrik" {speed, *Corrode Int+7}!
You block the ogre mage's attack.
The frost giant hits you with a +0 battleaxe of freezing!!
* * * LOW HITPOINT WARNING * * *
The frost giant freezes you!
* * * LOW HITPOINT WARNING * * *
The orc warrior hits you from afar with the +8 halberd "Litrik" {speed, *Corrode Int+7}!
You die...

#.....[.'.###
#........# #.
#.......### #........#
#. #.<.....#
#........# #.
#.......# #........#
#. ######+##
####'##### ##
#####...#
######.....###
......8.8...#### ###
.....##@##..B..####
#.. ....
#OCR#..<..'..####.. ..
.#oo|#.....##..[.'..
.o.#:})#.....#######..
.....#####.....# #..
.... ..........# #..
.!. .<#.#......# #..
... ..#.+......# #..
#......# #..


You could see a frost giant, an orc knight, an ogre mage (mesmerising,
invisible), an efreet, an orc warrior (strong) and an orc priest.

Vanquished Creatures
  A catoblepas (Lair:6)
  3 hydras
  2 centaur warriors
  4 thrashing horrors (Lair:6)
  8 death yaks
  The ghost of Esekla the Magician, a novice OpCA of Ignis (D:8)
  3 ugly things
  A cyclops (D:11)
  3 black mambas
  A merfolk siren (Lair:4)
  11 cane toads
  A gargoyle (D:10)
  A smoke demon (Lair:6)
  A large abomination (Lair:6)
  8 rime drakes
  7 komodo dragons
  2 ancient zymes (Lair:6)
  5 polar bears (D:7)
  17 blink frogs
  A tarantella (shapeshifter) (Lair:6)
  A hornet (Lair:4)
  7 dream sheep
  2 slime creatures (Lair:5)
  2 wraiths
  Sigmund (D:6)
  2 spriggans (Lair:6)
  A shadow (D:11)
  3 wyverns
  4 culicivoras (Lair:2)
  5 ynoxinuls (Lair:6)
  44 yaks
  A hog (D:7)
  11 basilisks
  An acid dragon (D:9)
  11 water moccasins
  2 orc warriors
  3 ice beasts
  A hornet zombie (D:6)
  5 black bears (D:7)
  An ogre (D:4)
  20 wolves
  4 centaurs
  5 kobold brigands
  2 scorpions
  7 bullfrogs
  A gnoll sergeant (D:4)
  9 small abominations (Lair:6)
  A wyvern zombie (D:7)
  A water moccasin skeleton (D:6)
  20 killer bees (D:9)
  8 wights (D:7)
  An electric eel (Lair:6)
  8 centaur zombies
  3 howler monkeys (D:8)
  A bullfrog zombie (D:6)
  A centaur skeleton (D:6)
  3 jellies
  6 orc priests
  A bullfrog skeleton (D:6)
  2 gnoll shamans (D:6)
  6 hounds
  8 orc wizards
  2 iguanas
  5 hell rats (Lair:2)
  2 killer bee zombies
  A hound skeleton (D:5)
  A howler monkey zombie (D:6)
  Robin (D:3)
  6 adders
  15 gnolls
  2 white imps
  6 worms
  3 dart slugs
  22 orcs
  10 endoplasms
  4 giant cockroaches
  13 goblins
  7 hobgoblins
  2 jackals (D:2)
  43 kobolds
  4 quokkas
  5 ball pythons
  3 bats (D:2)
  2 frilled lizards
  10 rats
476 creatures vanquished.

Vanquished Creatures (collateral kills)
  A sky beast (D:6)
  A bullfrog (D:7)
  An orc priest (D:7)
  2 gnolls
  An adder (D:6)
  An adder skeleton (D:4)
  4 kobolds (D:4)
11 creatures vanquished.

Vanquished Creatures (others)
  A bush (Lair:6)
  30 fungi
  49 plants
  3 withered plants (D:6)
83 creatures vanquished.

Grand Total: 570 creatures vanquished

Notes
Turn   | Place    | Note
-------+----------+-------------------------------------------
     0 | D:1      | Minsecho the Minotaur Fighter began the quest for the Orb.
     0 | D:1      | Reached XP level 1. HP: 19/19 MP: 0/0
   349 | D:1      | Found a faded altar of an unknown god.
   398 | D:1      | Reached XP level 2. HP: 27/27 MP: 1/1
   959 | D:2      | Found Xuixaj's Antique Armour Shoppe.
  1004 | D:2      | Found Jaozudgh's Antique Weapon Shop.
  1075 | D:2      | Reached XP level 3. HP: 33/33 MP: 2/2
  1079 | D:2      | Reached skill level 3 in Axes
  1121 | D:2      | Found Ujuacipo's Antique Armour Boutique.
  1832 | D:3      | Reached XP level 4. HP: 20/40 MP: 3/3
  1834 | D:3      | Reached skill level 4 in Axes
  2338 | D:3      | Found Impefuw's Magic Scroll Emporium.
  2342 | D:3      | Bought a scroll of identify for 20 gold pieces
  2342 | D:3      | Bought a scroll of fog for 20 gold pieces
  2342 | D:3      | Bought a scroll of fear for 35 gold pieces
  2390 | D:3      | Noticed Robin
  2400 | D:3      | Killed Robin
  2620 | D:3      | Reached XP level 5. HP: 46/46 MP: 4/4
  2783 | D:3      | Found the +14 obsidian axe {vorpal, Mesm Drain Fly SInv}
  2972 | D:4      | Reached skill level 5 in Axes
  3210 | D:4      | Reached XP level 6. HP: 52/53 MP: 5/5
  3257 | D:4      | Reached skill level 6 in Axes
  3437 | D:4      | Reached skill level 1 in Dodging
  3457 | D:4      | Reached skill level 5 in Armour
  3658 | D:4      | Reached XP level 7. HP: 37/60 MP: 6/6
  3663 | D:4      | Reached skill level 5 in Fighting
  3664 | D:4      | Reached skill level 7 in Axes
  4260 | D:4      | Noticed a sixfirhy
  4592 | D:5      | Entered Level 5 of the Dungeon
  4822 | D:5      | Noticed a neqoxec
  4915 | D:5      | Reached skill level 8 in Axes
  5213 | D:5      | Reached skill level 5 in Shields
  5453 | D:6      | Reached XP level 8. HP: 52/69 MP: 3/7
  5555 | D:6      | Reached skill level 1 in Stealth
  5762 | D:6      | Noticed Sigmund
  5770 | D:6      | Reached skill level 9 in Axes
  5773 | D:6      | Killed Sigmund
  6169 | D:6      | Reached skill level 10 in Axes
  6174 | D:6      | Reached XP level 9. HP: 74/79 MP: 8/8
  6534 | D:6      | Reached skill level 11 in Axes
  6773 | D:7      | Found a staircase to the Ecumenical Temple.
  6792 | Temple   | Entered the Ecumenical Temple
  6997 | Temple   | Became a worshipper of Warmaster Okawaru
  7040 | D:7      | Reached skill level 1 in Invocations
  7195 | D:7      | Reached skill level 12 in Axes
  7429 | D:7      | Found a huge runed translucent gate.
  7431 | D:7      | Noticed a polar bear
  7431 | D:7      | Noticed a polar bear
  7431 | D:7      | Noticed a polar bear
  7432 | D:7      | Found a huge runed translucent gate.
  7432 | D:7      | Found a huge runed translucent gate.
  7432 | D:7      | Found a huge runed translucent gate.
  7432 | D:7      | Noticed a polar bear
  7433 | D:7      | Noticed a polar bear
  7810 | D:8      | Reached * piety under Okawaru
  7856 | D:8      | Reached XP level 10. HP: 88/88 MP: 10/10
  7918 | D:8      | Found a staircase to the Lair.
  8309 | D:8      | Found a white marble altar of Elyvilon.
  8309 | D:8      | Found a shimmering blue altar of Sif Muna.
  8504 | D:8      | Found a runed translucent door.
  8505 | D:8      | Noticed a centaur warrior
  8505 | D:8      | Noticed Esekla's ghost (novice OpCA)
  8882 | D:9      | Reached ** piety under Okawaru
  8883 | D:9      | Reached skill level 13 in Axes
  9445 | D:9      | Found a burning altar of Makhleb.
  9483 | D:9      | Found a radiant altar of Vehumet.
  9499 | D:9      | Found a sacrificial altar of Ru.
  9718 | D:9      | Found a broken altar of Ashenzari.
  9770 | D:10     | Entered Level 10 of the Dungeon
 10174 | D:10     | Reached *** piety under Okawaru
 10176 | D:10     | Reached skill level 14 in Axes
 10225 | D:10     | Noticed a gargoyle
 10229 | D:10     | Killed a gargoyle
 10504 | D:11     | Noticed a cyclops
 10518 | D:11     | Killed a cyclops
 10519 | D:11     | Reached XP level 11. HP: 55/97 MP: 7/13
 10729 | D:11     | Found a runed translucent door.
 10729 | D:11     | Noticed a brown ugly thing
 10731 | D:11     | Noticed a frost giant
 10731 | D:11     | Found the +3 warlock's mirror {reflect}
 10733 | D:11     | Noticed a red ugly thing
 10735 | D:11     | Noticed an orc knight
 10735 | D:11     | Noticed an ogre mage
 10735 | D:11     | Noticed a boulder beetle
 10736 | D:11     | Identified the +8 halberd "Litrik" {speed, *Corrode Int+7}
 10737 | D:11     | Noticed a centaur warrior
 10887 | D:7      | Reached **** piety under Okawaru
 10892 | D:7      | Reached skill level 5 in Invocations
 10899 | D:7      | Reached ***** piety under Okawaru
 10900 | D:7      | Reached skill level 15 in Axes
 11086 | D:8      | Killed Esekla's ghost
 11089 | D:8      | Killed a centaur warrior
 11387 | D:11     | Noticed a two-headed ogre
 11491 | Lair:1   | Entered Level 1 of the Lair of Beasts
 11993 | Lair:1   | Reached skill level 10 in Fighting
 11993 | Lair:1   | Reached skill level 16 in Axes
 12466 | Lair:1   | Noticed an eight-headed hydra
 12475 | Lair:1   | Killed an 11-headed hydra
 12657 | Lair:2   | Reached XP level 12. HP: 105/106 MP: 13/15
 12928 | Lair:2   | Reached ****** piety under Okawaru
 13365 | Lair:2   | Found a hole to the Spider Nest.
 13614 | Lair:2   | Identified the +0 scale mail of Limited Liability {-Cast
                  | Str+3 Dex+8 Stlth+} (Okawaru gifted it to you on level 2 of
                  | the Lair of Beasts)
 13614 | Lair:2   | Received a gift from Okawaru
 14522 | Lair:4   | Reached skill level 17 in Axes
 14681 | Lair:4   | You are sucked into a shaft and drop 1 floor!
 14729 | Lair:5   | Found a staircase to the Slime Pits.
 15224 | Lair:5   | Noticed a death yak
 15224 | Lair:5   | Noticed a death yak
 15224 | Lair:5   | Noticed a death yak
 15224 | Lair:5   | Noticed a death yak
 15227 | Lair:5   | Noticed a death yak
 15234 | Lair:5   | Killed a death yak
 15239 | Lair:5   | Killed a death yak
 15241 | Lair:5   | Killed a death yak
 15241 | Lair:5   | Killed a death yak
 15242 | Lair:5   | Killed a death yak
 15242 | Lair:5   | Received a gift from Okawaru
 15247 | Lair:5   | Reached skill level 10 in Armour
 15247 | Lair:5   | Reached XP level 13. HP: 85/117 MP: 6/17
 15634 | Lair:5   | Found an ornate altar of the Wu Jian Council.
 15936 | Lair:6   | Entered Level 6 of the Lair of Beasts
 16073 | Lair:6   | Reached skill level 18 in Axes
 17047 | Lair:6   | Identified the +6 battleaxe of Norat {protect, Will+ MP+9}
                  | (Okawaru gifted it to you on level 6 of the Lair of Beasts)
 17047 | Lair:6   | Received a gift from Okawaru
 17194 | Lair:6   | Reached skill level 5 in Dodging
 17422 | Lair:6   | Received a gift from Okawaru
 17728 | Lair:6   | Found a corrupted altar of Lugonu.
 17728 | Lair:6   | Found a one-way gate to the infinite horrors of the Abyss.
 18036 | Lair:4   | Reached skill level 19 in Axes
 18291 | Lair:4   | Reached XP level 14. HP: 129/129 MP: 20/20
 18294 | Lair:4   | Found a staircase to the Shoals.
 18347 | Lair:4   | Paralysed by a hornet for 2 turns
 19367 | D:11     | HP: 1/130 [frost giant (13)]
 19367 | D:11     | Demolished by an orc warrior

Illustrated notes

Levels and vault maps discovered:
D:1:      giann_bridges, layout_basic, serial_corexii_hall,
          chequers_hall_statues_y, corexii_hall_statues_i,
          chequers_hall_statues_y, shapermc_ecumenical_altar_mp_highgroup
D:2:      minmay_chambers_of_ones, layout_basic, serial_shops,
          nicolae_shop_waterfront, shop, shop
D:3:      layout_basic, serial_shops, shop, uniq_robin
D:4:      kennysheep_kobold_camp, layout_basic, lightli_minifort
D:5:      layout_loops_ring
D:6:      layout_loops_corners, serial_undead, serial_undead_c, serial_undead_f,
          serial_undead_b, serial_undead_f, uniq_sigmund
D:7:      lemuel_bear_cage, layout_loops_ring,
          minmay_temple_entry_gardened_gates, minmay_small_thing
D:8:      layout_basic, gammafunk_temple_overflow_wave, lair_entry_dummy,
          ebering_ghost_inner_flame, st_stairs_1, minmay_manual_macuahuitl
D:9:      layout_rooms, nicolae_overflow_quartered_altars, serial_aquarium,
          aquarium_bridge_straight [aquarium_subvault_bridge,
          aquarium_subvault_balcony, aquarium_subvault_bridge,
          aquarium_subvault_balcony], aquarium_window_fake,
          aquarium_window_corner, aquarium_window_2, aquarium_view_2b,
          aquarium_pool_four
D:10:     layout_loops_ring, kennysheep_generic_room_9
D:11:     layout_roguey, orc_0_dummy, serial_shops, shop, minmay_st_funbox
Temple:   eino_temple_rhombus
Lair:1:   layout_cave_pods
Lair:2:   layout_loops_ring, hellmonk_spider_entry_life_and_decay
Lair:3:   layout_misc_corridors, small_statue_intersection, grunt_megastairs_2
Lair:4:   layout_regular_city, minmay_shoals_entry_lonely_mermaid,
          serial_rivers, chequers_serial_rivers_micro_d,
          chequers_serial_rivers_room_b, chequers_serial_rivers_micro_c,
          chequers_serial_rivers_large_b, grunt_megastairs_5
Lair:5:   layout_regular_city, minmay_slime_entry_pillars, basic_altar,
          grunt_megastairs_4
Lair:6:   hellmonk_lair_end_abyssal_woods, layout_regular_city,
          lookout_lair_type, serial_bayou_shore_a, grunt_megastairs_3

Skill      XL: |  1  2  3  4  5  6  7  8  9 10 11 12 13 14 |
---------------+-------------------------------------------+-----
Fighting       | 4 5 7 9 10 11 13 | 13.7
Armour         | 4 5 6 8 9 10 11 | 11.0
Shields        | 4 5 6 7 |  7.3
Axes           | 3 4 5 6 8 10 12 14 16 17 19 | 19.0
Dodging        | 1 2 3 4 5 |  5.1
Stealth        | 1 2 3 |  3.8
Invocations    | 2 4 6 7 9 |  9.5

Action                   |  1- 3 |  4- 6 |  7- 9 | 10-12 | 13-15 || total
-------------------------+-------+-------+-------+-------+-------++-------
Melee: War axe           |    68 |    57 |       |       |       ||   125
       Headbutt          |     6 |    12 |    31 |    49 |    51 ||   149
       Broad axe         |       |    24 |   151 |   285 |   206 ||   666
Invok: Heroism           |       |       |       |     3 |     3 ||     6
       Finesse           |       |       |       |     3 |     1 ||     4
  Use: Scroll            |       |     2 |     1 |     3 |     3 ||     9
       Potion            |       |       |       |       |     1 ||     1
 Stab: Sleeping          |       |       |       |     4 |     2 ||     6
Armor: Scale mail        |    24 |    33 |    55 |    43 |    67 ||   222
       Acid dragon scale |       |       |       |    78 |       ||    78
Dodge: Dodged            |    25 |    30 |    63 |   108 |    78 ||   304
Block: Buckler           |    13 |    21 |    27 |    52 |    57 ||   170
